 Dungeon Crawl Stone Soup version 0.26-a0-752-gcff87cac9a (webtiles) character file.

Game seed: 18100680986824525195

74 Chiseanne the Skirmisher (level 4, -12/45 HPs)
             Began as a Troll Delver on Nov 6, 2020.
             Mangled by an ogre
             ... wielding a +0 giant club
              (13 damage)
             ... on level 5 of the Dungeon.
             The game lasted 00:00:48 (51 turns).

Chiseanne the Skirmisher (Troll Delver)               Turns: 51, Time: 00:00:48

Health: -12/45     AC:  6    Str: 21    XL:     4   Next: 10%
Magic:  3/3        EV: 10    Int:  6    God:
Gold:   0          SH:  0    Dex: 11    Spells: 3/3 levels left

rFire    . . .     SeeInvis .     - Unarmed
rCold    . . .     Faith    .   (no shield)
rNeg     . . .     Spirit   .   a - +0 robe
rPois    .         Reflect  .   (helmet restricted)
rElec    .         Harm     .   (no cloak)
rCorr    .         Rampage  .   (gloves unavailable)
MR       .....                  (boots unavailable)
Stlth    ++........             (no amulet)
HPRegen  0.55/turn              (no ring)
MPRegen  0.08/turn              (no ring)

@: lethally poisoned (-12 -> -15), hasted, very quick
A: large, unfitting armour, claws 3, regeneration 1, shaggy fur 1, tough skin 3
a: no special abilities


You were on level 5 of the Dungeon.
You visited 1 branch of the dungeon, and saw 1 of its levels.

Inventory:

Armour
 a - a +0 robe (worn)
Wands
 f - a wand of digging (3)
Scrolls
 b - a scroll of fog
 c - a scroll of magic mapping
 d - a scroll of fear


   Skills:
 * Level 3.3 Fighting
 * Level 2.8 Dodging
 - Level 2.7 Stealth
 - Level 2.0 Unarmed Combat


You had 3 spell levels left.
You didn't know any spells.
Your spell library was empty.

Dungeon Overview and Level Annotations

Branches:
Dungeon (5/15)
 Temple: D:4-7

Altars:

Shops:
D:5 (

Annotations:
D:5 Eustachio, Pikel, Prince Ribbit


Innate Abilities, Weirdness & Mutations

You are too large for most types of armour.
You have claws for hands.
Your natural rate of healing is unusually fast.
You are covered in fur. (AC +1)
You have extremely tough skin. (AC +3)


Message History

* * * LOW HITPOINT WARNING * * *
You feel sick.
A jackal, 2 lemures and Eustachio come into view.
Eustachio is wielding a +0 falchion and wearing a +2 leather armour of cold resistance.
* * * LOW HITPOINT WARNING * * *
You feel sick.
The lemure shouts! x2; Eustachio shouts!
The jackal barks!
A jackal comes into view.
You claw the ogre!
The ogre is heavily wounded.
* * * LOW HITPOINT WARNING * * *
You feel sick.
Pikel says, "You'll make a fine lemure."
You scratch the ogre.
The ogre is severely wounded.
* * * LOW HITPOINT WARNING * * *
You feel sick.
A jackal comes into view.
The ogre hits you with a +0 giant club!
You die...

#..####
####....B
###.......###
#.@.....#...
#O#...#...#
#h#@5##..#
#.#.##K#5h##..#
)......F§.h.B..#
#########..###K#
#h## #†# ## #h#
##.##
#.##.###..∩##


You could see Eustachio, Prince Ribbit, Pikel, an ogre, 2 lemures and 5 jackals.

Vanquished Creatures
  A bullfrog skeleton (D:5)
  2 worker ants (D:5)
  A leopard gecko (D:5)
4 creatures vanquished.

Notes
Turn   | Place    | Note
-------+----------+-------------------------------------------
     0 | D:5      | Chiseanne the Troll Delver began the quest for the Orb.
     0 | D:5      | Reached XP level 1. HP: 22/22 MP: 0/0
     1 | D:5      | Found Bodarec's Antique Weapon Shoppe.
    13 | D:5      | Noticed a worker ant
    18 | D:5      | Reached skill level 3 in Fighting
    18 | D:5      | Reached XP level 2. HP: 25/31 MP: 1/1
    22 | D:5      | Reached XP level 3. HP: 24/37 MP: 2/2
    25 | D:5      | Noticed Pikel
    31 | D:5      | Noticed an ogre
    39 | D:5      | Noticed Prince Ribbit
    46 | D:5      | Reached XP level 4. HP: 6/45 MP: 3/3
    49 | D:5      | Noticed a lemure
    49 | D:5      | Noticed a lemure
    49 | D:5      | Noticed Eustachio
    50 | D:5      | HP: 2/45 [poisoned by a worker ant]
    51 | D:5      | Mangled by an ogre

Illustrated notes

Levels and vault maps discovered:
D:5:      layout_loops_ring, serial_shops, shop, nicolae_shop_stone,
          shop_statue, nicolae_shop_behind_doors, minmay_misc_feat_nine_boxes,
          uniq_pikel, uniq_prince_ribbit1, uniq_eustachio

Skill      XL: |  1 |
---------------+----+-----
Fighting       | 3 |  3.3
Dodging        | 2 |  2.8
Stealth        | |  2.7
Unarmed Combat | |  2.0

Action                   |  1- 3 |  4- 6 || total
-------------------------+-------+-------++-------
Melee: Unarmed           |    21 |     2 ||    23
  Use: Potion            |       |     1 ||     1
Armor: Robe              |     3 |       ||     3
Dodge: Dodged            |     9 |     1 ||    10

Table legend: (Time is in decaauts)
 A = Elapsed time spent in this place.
 B = Non-inter-level travel time spent in this place.
 C = Inter-level travel time spent in this place.
 D = Time resting spent in this place.
 E = Time spent auto-exploring this place.
 F = Levels seen in this place.
 G = Mean time per level.
                   A        B        C        D        E       F      G
               +--------+--------+--------+--------+--------+-----+--------+
         Total |     49 |     49 |      0 |      3 |      0 |   1 |   49.0 |
       Dungeon |     49 |     49 |      0 |      3 |      0 |   1 |   49.0 |
               +--------+--------+--------+--------+--------+-----+--------+

Top non-repeatable levels by time:
     D:5: 49 daAuts
